 Dungeon Crawl Stone Soup version 0.29.1-1-gd02db6906a (webtiles) character file.

Game seed: 16877874422203707586

372 concernfroge the Trooper (level 6, -4/55 HPs)
             Began as a Mummy Monk on Sept 18, 2022.
             Was a Believer of Okawaru.
             Slain by a wight
             ... wielding a +0 battleaxe
              (6 damage)
             ... on level 4 of the Dungeon.
             The game lasted 00:10:13 (4585 turns).

concernfroge the Trooper (Mummy Monk)               Turns: 4585, Time: 00:10:14

Health: -4/55      AC:  9    Str: 16    XL:     6   Next: 43%
Magic:  6/6        EV:  7    Int: 10    God:    Okawaru [**....]
Gold:   228        SH:  0    Dex: 20    Spells: 5/5 levels left

rFire   x . .      SeeInvis .   f - +0 halberd
rCold   + . .      Faith    .   (shield currently unavailable)
rNeg    + + +      Spirit   .   e - +0 chain mail
rPois   ∞          Reflect  .   j - +0 helmet
rElec   .          Harm     .   (no cloak)
rCorr   .          Rampage  .   (no gloves)
Will    .....                   (no boots)
Stlth   ..........              (no amulet)
HPRegen 0.18/turn               c - +6 ring of dexterity
MPRegen 0.10/turn               (no ring)

@: no status effects
A: cold resistance 1, negative energy resistance 3, torment resistance 2, heat
vulnerability 1, in touch with death 1, no potions
a: Renounce Religion, Heroism


You were on level 4 of the Dungeon.
You worshipped Okawaru.
Okawaru was pleased with you.
You visited 1 branch of the dungeon, and saw 5 of its levels.

You collected 228 gold pieces.

Inventory:

Hand Weapons
 f - a +0 halberd (weapon)
 g - a +0 war axe
Missiles
 a - 6 boomerangs
 i - 5 poisoned darts (quivered)
Armour
 d - a +0 cloak
 e - a +0 chain mail (worn)
 j - a +0 helmet (worn)
Jewellery
 c - a +6 ring of dexterity (left hand)
 k - a +6 ring of strength
Scrolls
 b - 3 scrolls of identify
 h - a scroll of noise


   Skills:
 + Level 7.2 Fighting
 - Level 2.4 Polearms
 - Level 2.4 Dodging
 - Level 1.5 Stealth
 + Level 0.6 Invocations


You had 5 spell levels left.
You didn't know any spells.
Your spell library contained the following spells:

 Spells                   Type           Power      Damage    Failure   Level
 Ensorcelled Hibernation  Hex/Ice        0%         N/A       100%        2
 Passwall                 Tmut/Erth      0%         N/A       100%        2
 Frozen Ramparts          Ice            0%         1d1       100%        3
 Swiftness                Air            0%         N/A       100%        3
 Ice Form                 Ice/Tmut       Unusable   N/A       N/A         4
 Summon Ice Beast         Ice/Summ       Unusable   N/A       N/A         4

Dungeon Overview and Level Annotations

Branches:
Dungeon (5/15)
 Temple: D:4-7

Altars:
Makhleb
Okawaru

Shops:
D:3 ?(?:?


Innate Abilities, Weirdness & Mutations

You are immune to poison.
Your flesh is cold resistant. (rC+)
You are immune to negative energy. (rN+++)
You are immune to unholy pain and torment.
You are vulnerable to heat. (rF-)
You are in touch with the powers of death.
You do not drink.


Message History

You barely miss the wight.
The wight is moderately damaged.
The wight closely misses you.
You hit the wight but do no damage.
The wight is moderately damaged.
You feel like a meek peon again. The wight hits you with a +0 battleaxe!
The orc priest looks encouraged for a moment.
The wight hits you with a +0 battleaxe!
You hit the wight but do no damage.
The wight is moderately damaged.
The wight hits you with a +0 battleaxe.
You hit the wight but do no damage.
The wight is moderately damaged.
The wight closely misses you.
You closely miss the wight.
The wight is moderately damaged.
The wight closely misses you. The wight barely misses you.
The orc priest miscasts a cantrip.
You closely miss the wight.
The wight is moderately damaged.
The wight barely misses you.
You closely miss the wight.
The wight is moderately damaged.
The wight hits you but does no damage.
You closely miss the wight.
The wight is moderately damaged.
The wight hits you with a +0 battleaxe.
* * * LOW HITPOINT WARNING * * *
The orc priest calls down the wrath of Beogh upon you.
Beogh smites you!
* * * LOW HITPOINT WARNING * * *
The wight hits you with a +0 battleaxe.
* * * LOW HITPOINT WARNING * * *
Okay, then.
The wight attacks as you move away! The wight hits you with a +0 battleaxe.
* * * LOW HITPOINT WARNING * * *
The wight attacks as you move away! The wight barely misses you.
The wight attacks as you move away! The wight hits you with a +0 battleaxe.
You die...

.###.........##.
.'.#(........'..
.'(........##.
#....)....##.
###...z.z...##.
.#########.#.)z)z....##.
...........###)#######..
...........# #.[.......#
.......@z..# ##..#######
.........o.####..#
..........zzzo)>.#
.........)..###.##
............# #.#
...........#############
#####...................
####################


You could see 4 wights, an orc priest and an orc.

Vanquished Creatures
  A scorpion (D:4)
  A hound (D:3)
  An orc priest (D:4)
  A jelly (D:4)
  An orc wizard (D:4)
  4 gnolls
  6 adders
  3 worms
  A dart slug (D:3)
  6 orcs
  6 endoplasms
  9 giant cockroaches
  6 goblins
  7 hobgoblins
  7 jackals
  6 quokkas
  8 ball pythons
  4 bats
  2 frilled lizards
  6 kobolds
  7 rats
93 creatures vanquished.

Notes
Turn   | Place    | Note
-------+----------+-------------------------------------------
     0 | D:1      | concernfroge the Mummy Monk began the quest for the Orb.
     0 | D:1      | Reached XP level 1. HP: 18/18 MP: 1/1
   191 | D:1      | Reached XP level 2. HP: 19/24 MP: 2/2
   455 | D:1      | Found a faded altar of an unknown god.
   707 | D:1      | Reached skill level 4 in Fighting
   760 | D:1      | Gained mutation: You are in touch with the powers of death.
                  | [Mummy growth]
   760 | D:1      | Reached XP level 3. HP: 29/30 MP: 3/3
  1746 | D:2      | Reached XP level 4. HP: 23/38 MP: 4/4
  2190 | D:3      | Reached skill level 5 in Fighting
  2283 | D:3      | Found Cubim's Book Emporium.
  2345 | D:3      | Found Fuomaavuirch's Weapon Emporium.
  2350 | D:3      | Found Gezxelunt's Magic Scroll Boutique.
  2570 | D:3      | Found Taruar Tya's Magic Scroll Emporium.
  2699 | D:3      | Found Zaseduy's Magic Scroll Shop.
  2737 | D:4      | Reached XP level 5. HP: 41/46 MP: 5/5
  2811 | D:4      | Reached skill level 6 in Fighting
  2820 | D:5      | Entered Level 5 of the Dungeon
  2965 | D:5      | Noticed an ice beast
  2997 | D:4      | Reached XP level 6. HP: 11/53 MP: 6/6
  2999 | D:4      | Reached skill level 7 in Fighting
  3834 | D:3      | Found an iron altar of Okawaru.
  3903 | D:3      | Became a worshipper of Warmaster Okawaru
  3903 | D:3      | Reached * piety under Okawaru
  3903 | D:3      | Reached ** piety under Okawaru
  4193 | D:4      | Found a burning altar of Makhleb.
  4582 | D:4      | HP: 1/55 [wight/+0 battleaxe (4)]
  4585 | D:4      | Slain by a wight

Illustrated notes

Levels and vault maps discovered:
D:1:      dpeg_arrival_short_road, layout_basic,
          chequers_ecumenical_altar_grove, kennysheep_nondescript, st_stairs_13
D:2:      layout_loops_corners
D:3:      layout_basic, lemuel_round_altar, serial_shops, shop,
          nicolae_diamond_shop, shop, shop, nicolae_shop_stone
D:4:      layout_basic, mainiacjoe_overflow_alcove_2, kennysheep_generic_room_10
D:5:      layout_loops_ring, uniq_blork_the_orc, uniq_prince_ribbit1

Skill      XL: |  1  2  3  4  5  6 |
---------------+-------------------+-----
Fighting       | 4 5 6 7 |  7.2
Polearms       | |  2.4
Dodging        | |  2.4
Stealth        | |  1.5
Invocations    | |  0.6

Action                   |  1- 3 |  4- 6 || total
-------------------------+-------+-------++-------
Melee: Spear             |   137 |       ||   137
       War axe           |    26 |    90 ||   116
       Halberd           |       |    63 ||    63
Throw: Dart              |       |     5 ||     5
       Boomerang         |       |     2 ||     2
Invok: Heroism           |       |     1 ||     1
  Use: Scroll            |       |     5 ||     5
 Stab: Sleeping          |     1 |       ||     1
Armor: Robe              |     5 |       ||     5
       Chain mail        |    72 |   103 ||   175
Dodge: Dodged            |    52 |    85 ||   137
